 Dungeon Crawl Stone Soup version 0.20.1-1-g8b1a95d (webtiles) character file.

81 slep the Chopper (level 4, -1/33 HPs)
             Began as a Demonspawn Gladiator on Dec 23, 2017.
             Killed by divine providence
             ... invoked by an orc priest
              (13 damage)
             ... on level 3 of the Dungeon.
             The game lasted 00:04:21 (1538 turns).

slep the Chopper (Demonspawn Gladiator)             Turns: 1538, Time: 00:04:22

Health: -1/33      AC:  7    Str: 14    XL:     4   Next: 19%
Magic:  4/4        EV: 12    Int:  9    God:
Gold:   39         SH:  0    Dex: 16    Spells: 3/3 levels left

rFire    x . .     SeeInvis .   a - +0 war axe
rCold    + . .     Gourm    .   (no shield)
rNeg     . . .     Faith    .   s - +0 ring mail (curse)
rPois    .         Spirit   .   c - +0 helmet
rElec    .         Reflect  .   (no cloak)
rCorr    .         Harm     .   m - +0 pair of gloves
MR       .....                  (no boots)
Stlth    +++.......             (no amulet)
Regen    0.2/turn               g - ring of ice (curse)
MPRegen  0.1/turn               (no ring)

@: no status effects
A: nightstalker 2
a: no special abilities


You were on level 3 of the Dungeon.
You were very hungry.

You visited 1 branch of the dungeon, and saw 4 of its levels.

You collected 39 gold pieces.

Inventory:

Hand Weapons
 a - a +0 war axe (weapon)
Missiles
 d - 3 throwing nets (quivered)
 j - 11 poisoned needles
 k - 17 sling bullets
Armour
 b - a +0 leather armour
 c - a +0 helmet (worn)
 m - a +0 pair of gloves (worn)
 s - a cursed +0 ring mail (worn)
Jewellery
 g - a cursed ring of ice (left hand)
Scrolls
 e - a scroll of teleportation {unknown}
 l - a scroll of remove curse {unknown}
 n - a scroll of immolation {unknown}
 o - 2 scrolls of identify {unknown}
 q - a scroll of noise {unknown}
Potions
 h - 2 potions of curing {unknown}
 p - 2 potions of might {unknown}
 r - a potion of ambrosia {unknown}
Comestibles
 f - a bread ration
 i - 2 meat rations


   Skills:
 + Level 2.2 Fighting
 + Level 3.8 Axes
 + Level 1.9 Throwing
 + Level 1.0 Armour
 + Level 3.1 Dodging
 + Level 0.6 Stealth


You had 3 spell levels left.
You didn't know any spells.

Dungeon Overview and Level Annotations

Branches:
Dungeon (4/15)
 Temple: D:4-7

Altars:

Annotations:
D:4 slep's ghost, amateur DrGl


Innate Abilities, Weirdness & Mutations

You are significantly more attuned to the shadows.


Message History

You slash the orc wizard!
The orc wizard is severely wounded.
The orc wizard hits you but does no damage.
The orc priest begins to cast a cantrip, but forgets the words!
You barely miss the orc wizard.
The orc wizard is severely wounded.
You closely miss the orc.
You are feeling very hungry.
The orc hits you but does no damage.
The orc wizard hits you but does no damage.
The orc closely misses you. The orc wizard hits you with a dagger.
You barely miss the orc wizard.
The orc wizard is severely wounded.
You hit the orc. The orc wizard closely misses you. The orc barely misses you.
You hit the orc wizard but do no damage.
The orc wizard is severely wounded.
You hit the orc.
The orc priest mumbles some strange prayers to Beogh against you.
Beogh smites you!
You die...

... ## ..# #.. .#
###># #.# #g# # ....
#.#..? #.#
#.###.#.#.#
.#...#.o[o......
.....)@o.#.#######
##.#...(.........#
#..h
#.###.......#.#.#...
.....#...###.#.#.#...
#.# #.#.......#.#
..#.
#.#.#.#.#.....#.#
#.#. .
#.#.#.#.......###...
#...#..>............
####.......##.#######


You could see an orc priest, an orc wizard and an orc.

Vanquished Creatures
  4 gnolls
  An adder (D:2)
  A dart slug (D:1)
  An orc (D:3)
  3 ball pythons
  A giant cockroach (D:2)
  4 hobgoblins
  4 jackals
  4 bats (D:1)
  5 frilled lizards (D:1)
  2 goblins (D:1)
  2 kobolds (D:1)
  4 rats (D:1)
36 creatures vanquished.

Notes
Turn   | Place    | Note
-------+----------+-------------------------------------------
     0 | D:1      | slep the Demonspawn Gladiator began the quest for the Orb.
     0 | D:1      | Reached XP level 1. HP: 16/16 MP: 1/1
   146 | D:1      | Gained mutation: You are slightly more attuned to the shadows. [demonic ancestry]
   146 | D:1      | Reached XP level 2. HP: 21/22 MP: 2/2
  1125 | D:3      | Reached XP level 3. HP: 27/27 MP: 3/3
  1158 | D:4      | Noticed slep's ghost (amateur DrGl)
  1532 | D:3      | Reached skill level 1 in Armour
  1532 | D:3      | Gained mutation: You are significantly more attuned to the shadows. [demonic ancestry]
  1532 | D:3      | Reached XP level 4. HP: 13/33 MP: 4/4
  1538 | D:3      | Killed from afar by an orc priest

Skill      XL: |  1  2  3 |
---------------+----------+-----
Axes           | 3 |  3.8
Dodging        | 3 |  3.1
Armour         | 1 |  1.0
Fighting       | |  2.2
Throwing       | |  1.9
Stealth        | |  0.6

Action                   |  1- 3 |  4- 6 || total
-------------------------+-------+-------++-------
Melee: War axe           |    77 |     6 ||    83
 Stab: Sleeping          |     8 |       ||     8
  Eat: Chunk             |     1 |       ||     1
Armor: Leather armour    |    18 |       ||    18
       Ring mail         |    11 |     4 ||    15
Dodge: Dodged            |    61 |     4 ||    65
